 Dungeon Crawl Stone Soup version 0.30-a0-696-g2367cd04db (webtiles) character file.

Game seed: 2153073074058686733

191468 wormed the Arsonist (level 17, -7/128 HPs)
             Began as a Demonspawn Conjurer on Jan 20, 2023.
             Was the Champion of Vehumet.
             Succumbed to a sea snake's poison
             ... on level 2 of the Shoals.
             The game lasted 01:46:10 (36387 turns).

wormed the Arsonist (Demonspawn Conjurer)          Turns: 36387, Time: 01:46:11

Health: -7/128     AC: 15    Str:  8    XL:     17   Next: 57%
Magic:  5/33       EV: 16    Int: 32    God:    Vehumet [******]
Gold:   3961       SH:  5    Dex: 16    Spells: 20/40 levels left

rFire   + . .      SeeInvis +    B - staff of conjuration
rCold   . . .      Faith    .    V - +0 buckler
rNeg    + . .      Spirit   +    Y - +2 troll leather armour
rPois   .          Reflect  .    (helmet unavailable)
rElec   .          Harm     .    g - +1 cloak
rCorr   .          Rampage  .    e - +1 Delatra's gloves {ID++}
Will    +....                    c - +1 pair of boots {Fly}
Stlth   ++                       z - amulet of regeneration
HPRegen 2.01/turn                b - ring of Rynoseve {*Corrode rF+ rN+ Int+6 Dex+3}
MPRegen 0.46/turn                k - ring of see invisible

@: lethally poisoned (-7 -> -78), flying, very slightly contaminated
A: horns 3, icy blue scales 2, magic shield, magic regeneration, corrupting
presence 1
}: 1/15 runes: gossamer
a: Renounce Religion


You were on level 2 of the Shoals.
You worshipped Vehumet.
Vehumet was exalted by your worship.
You visited 6 branches of the dungeon, and saw 30 of its levels.
You also visited: Ossuary and Bailey.

You collected 4216 gold pieces.
You spent 255 gold pieces at shops.

Inventory:

Armour
 c - a +1 pair of boots of flying (worn)
 e - the +1 Delatra's gloves (worn) {ID++}
   (You found it in a bailey)

   ID++:      It heals its wearer when they drink unknown potions, and restores
   their MP when they read unknown scrolls.
 g - a +1 cloak (worn)
 V - a +0 buckler (worn)
 Y - a +2 troll leather armour (worn)
Magical Staves
 B - a staff of conjuration (weapon)
Jewellery
 b - the ring of Rynoseve (left hand) {*Corrode rF+ rN+ Int+6 Dex+3}
   (You acquired it on level 5 of the Dungeon)

   [ring of intelligence]

   Int:       It affects your intelligence (+6).
   Dex:       It affects your dexterity (+3).
   rF:        It protects you from fire.
   rN:        It protects you from negative energy.
   *Corrode:  It may corrode you when you take damage.
 k - a ring of see invisible (right hand)
 n - a ring of positive energy
 u - a ring of resist corrosion
 z - an amulet of regeneration (around neck)
 A - a ring of flight
 O - a ring of protection from fire
 P - a ring of poison resistance
 Q - a +6 ring of intelligence
 S - a ring of fire
 X - a ring of ice
 Z - a ring of protection from cold
Wands
 a - a wand of mindburst (6) (quivered)
 x - a wand of light (9)
 y - a wand of roots (27)
 H - a wand of charming (15)
 R - a wand of digging (11)
Scrolls
 d - 13 scrolls of identify
 f - 5 scrolls of blinking
 j - 7 scrolls of fog
 m - a scroll of immolation
 s - 2 scrolls of brand weapon
 w - 5 scrolls of fear
 C - 7 scrolls of teleportation
 F - 3 scrolls of enchant weapon
 G - 3 scrolls of magic mapping
 J - a scroll of silence
 K - a scroll of butterflies
 L - 8 scrolls of vulnerability
 M - a scroll of enchant armour
 W - 4 scrolls of amnesia
Potions
 h - 10 potions of might
 i - 4 potions of cancellation
 l - 7 potions of mutation
 o - a potion of curing
 p - 5 potions of flight
 q - 5 potions of haste
 r - 2 potions of invisibility
 t - 6 potions of heal wounds
 v - 10 potions of ambrosia
 D - 6 potions of lignification
 I - 2 potions of brilliance
 N - 5 potions of magic
 U - 4 potions of attraction
Miscellaneous
 E - a condenser vane
 T - a lightning rod (4/4)


   Skills:
 - Level 10.0 Fighting
 - Level 12.0 Staves
 - Level 10.0 Dodging
 - Level 1.7 Stealth
 - Level 5.0 Shields
 - Level 12.0 Spellcasting
 - Level 10.0 Conjurations
 - Level 5.0 Hexes
 - Level 5.0 Translocations
 + Level 14.7 Fire Magic
 - Level 12.0 Evocations


You had 20 spell levels left.
You knew the following spells:

 Your Spells              Type           Power      Damage    Failure   Level
a - Searing Ray           Conj           100%       2d8       1%          2
b - Iskenderun's Battles  Conj           90%        2d14      1%          5
c - Fulminant Prism       Conj/Hex       39%        3d17      1%          4
d - Iskenderun's Mystic   Conj/Tloc      79%        2d16      1%          4
e - Irradiate             Conj/Tmut      33%        3d22      4%          5

Your spell library contained the following spells:

 Spells                   Type           Power      Damage    Failure   Level
 Conjure Ball Lightning   Conj/Air       33%        3x3d11    22%         6
 Apportation              Tloc           100%       N/A       1%          1
 Magic Dart               Conj           100%       1d8       1%          1
 Dazzling Flash           Conj/Hex       100%       N/A       1%          3
 Portal Projectile        Hex/Tloc       100%       N/A       1%          3
 Tukima's Dance           Hex            50%        N/A       1%          3
 Ensorcelled Hibernation  Hex/Ice        70%        N/A       2%          2
 Necrotise                Necr           76%        1d7       4%          1
 Summon Small Mammal      Summ           76%        N/A       4%          1
 Summon Guardian Golem    Hex/Summ       35%        N/A       4%          3
 Manifold Assault         Tloc           50%        N/A       6%          4
 Passwall                 Tmut/Erth      15%        N/A       7%          2
 Call Canine Familiar     Summ           19%        N/A       14%         3
 Spider Form              Tmut/Pois      19%        N/A       14%         3
 Swiftness                Air            19%        N/A       14%         3
 Anguish                  Hex/Necr       17%        N/A       16%         4
 Dispersal                Tloc           25%        N/A       65%         6
 Alistair's Intoxication  Tmut/Pois      12%        N/A       77%         5
 Blade Hands              Tmut           9%         N/A       77%         5
 Disjunction              Tloc           25%        N/A       100%        8


Dungeon Overview and Level Annotations

Branches:
Dungeon (15/15)            Temple (1/1) D:7            Lair (5/5) D:9
 Shoals (3/4) Lair:3       Spider (4/4) Lair:2        Slime (0/5) Lair:5
    Orc (2/2) D:11            Elf (0/3) Orc:2        Vaults (0/5) D:13
 Depths (0/4) D:15        Ossuary (visited)          Bailey (visited)

Altars:
Ashenzari
Cheibriados
Dithmenos
Fedhas
Gozag
Hepliaklqana
Kikubaaqudgha
Makhleb
Nemelex Xobeh
Okawaru
Qazlal
Ru
Sif Muna
Trog
Uskayaw
Vehumet
Wu Jian
Xom
Yredelemnul
Jiyva
Lugonu

Shops:
D:2 (   D:15 *   Orc:2 ***=   Shoals:1 ?**(*

Portals:
Abyss: Lair:5
Trove: D:15 (show slimy rune of Zot)


Innate Abilities, Weirdness & Mutations

You have a pair of large horns on your head.
You are mostly covered in icy blue scales. (AC +3)
When hurt, damage is shared between your health and your magic reserves.
You regenerate magic rapidly.
Your presence sometimes corrodes those you injure.


Message History

The mystic blast hits the snapping turtle!
The snapping turtle is heavily wounded.
The snapping turtle is knocked back by the mystic blast.
The snapping turtle collides with the plant!
The plant begins to die.
The plant is lightly damaged.
The mystic blast hits the merfolk but does no damage.
The mystic blast hits the sea snake!
The sea snake is moderately wounded.
The mystic blast hits the water elemental!!
The water elemental is heavily damaged.
The water elemental is knocked back by the mystic blast.
The water elemental collides with the merfolk!
The merfolk is lightly wounded.
The water elemental is severely damaged.
You feel extremely sick.
Your battlesphere fires!
The barrage of energy hits the water elemental!
The water elemental is almost destroyed.
Your battlesphere expends the last of its energy and dissipates.
The faun unwields a +0 club.
The faun wields a +0 heavy sling.
The faun shoots a sling bullet.
The sling bullet hits you! You block the sea snake's attack.
The merfolk closely misses you. The water elemental hits you.
The water elemental engulfs you in water!
You hear a splashing noise.
You cannot cast spells while unable to breathe!
Your lungs strain for air!
* * * LOW HITPOINT WARNING * * *
You feel extremely sick.
A nearby plant withers and dies.
The sea snake bites you!
* * * LOW HITPOINT WARNING * * *
You are more poisoned.
The sea snake poisons you!
The merfolk hits you from afar with a +0 trident!
* * * LOW HITPOINT WARNING * * *
The water elemental closely misses you.
You fly upwards.
You gasp with relief as air once again reaches your lungs.
You die...

~~~~~~≈≈≈≈≈≈≈≈≈~~~...~~~~......##
≈~~~~~≈≈≈≈≈≈≈≈~~~~..~~~≈≈~~~~~...
≈≈~~~~≈≈≈≈≈≈~~~~~~≈~~~~~~~~~~....
≈≈≈≈≈≈≈≈≈~~~~~~~≈≈≈≈~~~~~~~~~....
≈≈≈≈≈≈≈~~~~~~~~≈≈≈≈~~~~~~~~~~....
≈≈≈≈≈≈~~~~~~~~~≈≈≈≈~~~~~~~~~~....
≈≈≈≈≈~~~~~..~~~~~~~≈~~~~~~~~~....
≈≈≈≈~~~~~.....~S..~~~~~~~~~~~~...
≈≈≈≈~~~~~......E@...~~~~~~~~~~~~~
≈≈≈≈~~~~~###'############'##~~~~~
≈≈≈≈≈~~~~#.....#...#.......#~~~~~
≈≈≈≈≈~~~~#.....#...#.......#~~~~~
≈≈≈~~~~~~#....)'...#.......#~~~~~
≈≈~~~~~~.#.....#...#.......#~~~~~
≈≈≈~~~~~~#.....#...'.......#≈≈≈≈≈
~~~~~~~..#.....##+##########≈###≈
~~~<.....#.....#..........~~≈#≈≈≈


You could see a sea snake and a water elemental.

Vanquished Creatures
  Rupert (Orc:2)
  Agnes (Spider:2)
  7 emperor scorpions
  2 ghost moths (Spider:4)
  3 broodmothers (Spider:4)
  5 spark wasps
  An ettin (D:15)
  The ghost of IdlyInterested the Cleaver, a journeyman DsGl (D:11)
  Snorg (Orc:2)
  A merfolk impaler (Shoals:1)
  Josephine (D:10)
  5 entropy weavers
  2 fire dragons (Shoals:1)
  Fannar (D:10)
  4 hydras
  3 vault guards (D:13)
  A catoblepas (D:13)
  3 jorogumos (Spider:3)
  2 merfolk avatars
  A merfolk aquamancer (Shoals:3)
  A radroach (Spider:2)
  4 boulder beetles
  4 centaur warriors (D:13)
  2 dancing weapons
  3 two-headed ogres
  4 death yaks (Lair:4)
  A hell knight (D:15)
  4 thrashing horrors (Lair:5)
  4 tengu warriors
  2 sun moths
  The ghost of QueenGhuleh the Cleaver, a novice MiBe of Trog (D:8)
  Lodul (D:11)
  A deep troll (D:15)
  2 pharaoh ants
  4 sea snakes
  11 orb spiders
  2 orc knights
  2 fauns (Shoals:2)
  A lindwurm (Lair:4)
  18 harpies
  2 wizards (D:15)
  3 deep elf pyromancers
  27 wolf spiders
  6 steelbarb worms
  A deep elf zephyrmancer (Bailey)
  A harpy (shapeshifter) (D:14)
  11 orc sorcerers
  7 manticores
  11 ugly things
  3 cyclopes
  9 elephants
  A merfolk siren (Shoals:3)
  Maurice (D:8)
  2 molten gargoyles (Lair:3)
  2 smoke demons (Lair:5)
  3 black mambas
  Joseph (D:8)
  2 moths of wrath (Spider:2)
  6 demonic crawlers
  6 cane toads
  9 torpor snails
  An ice statue (D:12)
  A gargoyle (D:14)
  Maggie (D:8)
  An unseen horror (D:12)
  3 kobold demonologists
  9 komodo dragons
  5 rime drakes
  An efreet (D:15)
  A yaktaur (D:15)
  An ancient zyme (Lair:5)
  A polar bear (Lair:5)
  7 trolls
  3 wind drakes
  9 meliai
  30 tarantellas
  5 merfolk
  10 dream sheep
  25 blink frogs
  6 hornets (Spider:4)
  2 snapping turtles (Shoals:2)
  18 jumping spiders
  28 culicivoras
  2 large abominations (Lair:5)
  2 spriggans (Lair:5)
  7 slime creatures
  10 wraiths
  A wyvern (Lair:3)
  3 vampires
  3 ynoxinuls (Lair:5)
  4 water elementals
  59 yaks
  7 basilisks
  7 humans (D:13)
  2 chaos spawn (Lair:5)
  Grum (D:8)
  55 redbacks
  3 steam dragons
  A death yak simulacrum (D:12)
  7 vampire mosquitoes
  Edmund (D:5)
  Menkaure (D:4)
  11 wargs
  2 acid dragons
  13 water moccasins
  4 ice beasts
  17 orc warriors
  A sky beast (D:6)
  10 ogres
  16 wolves
  2 black bears
  5 centaurs
  2 phantoms
  5 kobold brigands
  7 bullfrogs
  4 scorpions (D:6)
  12 small abominations (Lair:5)
  A gnoll sergeant (D:13)
  2 two-headed ogre simulacra (D:12)
  A cane toad simulacrum (D:12)
  3 wights (D:9)
  6 howler monkeys
  2 vampire bats (D:5)
  5 electric eels
  5 lava snakes (Lair:3)
  3 jellies
  3 hounds
  12 orc priests
  3 iguanas (D:5)
  46 orc wizards
  2 troll simulacra (D:12)
  A spriggan simulacrum (D:12)
  A wolf simulacrum (D:12)
  2 mummies
  10 adders
  9 gnolls
  3 shadow imps
  A white imp (D:8)
  3 worms
  3 dart slugs
  89 orcs
  6 ball pythons
  A bat skeleton (D:5)
  3 bat zombies (D:5)
  8 endoplasms
  6 giant cockroaches
  10 hobgoblins
  4 quokkas
  6 bats
  2 frilled lizards
  7 gnoll skeletons (Ossuary)
  12 goblins
  23 kobolds
  11 kobold skeletons (Ossuary)
  7 orc skeletons (Ossuary)
  4 rats
1013 creatures vanquished.

Vanquished Creatures (collateral kills)
  A culicivora (Lair:2)
  A redback (Lair:2)
2 creatures vanquished.

Vanquished Creatures (others)
  A vault guard (D:13)
  A human (D:13)
  2 orc wizards (D:4)
  164 fulminant prisms
  41 fungi
  117 plants
326 creatures vanquished.

Grand Total: 1341 creatures vanquished

Notes
Turn   | Place    | Note
-------+----------+-------------------------------------------
     0 | D:1      | wormed the Demonspawn Conjurer began the quest for the Orb.
     0 | D:1      | Reached XP level 1. HP: 13/13 MP: 3/3
   317 | D:1      | Gained mutation: You have a pair of small horns on your
                  | head. [demonic ancestry]
   317 | D:1      | Reached XP level 2. HP: 19/19 MP: 3/5
   597 | D:1      | Learned a level 2 spell: Searing Ray
  1261 | D:1      | Gained mutation: You are partially covered in icy blue
                  | scales. (AC +2) [demonic ancestry]
  1261 | D:1      | Reached XP level 3. HP: 24/24 MP: 2/6
  1722 | D:2      | Reached skill level 1 in Hexes
  1821 | D:2      | Found a faded altar of an unknown god.
  1834 | D:2      | Reached skill level 1 in Translocations
  1984 | D:2      | Found Homisuit's Weapon Shop.
  2182 | D:2      | Identified the +10 dagger "Yna Iliog" {freeze, Drain rElec
                  | rPois rF+++}
  2405 | D:2      | Learned a level 3 spell: Dazzling Flash
  2740 | D:3      | Found an opulent altar of Gozag.
  2743 | D:3      | Reached XP level 4. HP: 30/30 MP: 5/8
  3101 | D:3      | Found a shimmering blue altar of Sif Muna.
  3740 | D:3      | Reached XP level 5. HP: 31/35 MP: 0/9
  3847 | D:3      | Reached skill level 5 in Conjurations
  3879 | D:4      | Noticed Menkaure
  3898 | D:4      | Killed Menkaure
  3899 | D:4      | Gained mutation: You have a pair of horns on your head.
                  | [demonic ancestry]
  3899 | D:4      | Reached XP level 6. HP: 25/41 MP: 1/11
  4381 | D:4      | Learned a level 4 spell: Fulminant Prism
  5034 | D:4      | Found a burning altar of Makhleb.
  5179 | D:5      | Entered Level 5 of the Dungeon
  5239 | D:5      | Gained mutation: You regenerate magic rapidly. [demonic
                  | ancestry]
  5239 | D:5      | Reached XP level 7. HP: 28/46 MP: 3/13
  5368 | D:5      | Noticed Edmund
  5374 | D:5      | Learned a level 3 spell: Spider Form
  5375 | D:5      | Found a bloodstained altar of Trog.
  5619 | D:5      | Killed Edmund
  5620 | D:5      | Reached skill level 5 in Spellcasting
  5819 | D:5      | Reached XP level 8. HP: 35/52 MP: 1/15
  6133 | D:5      | Found an ancient bone altar of Kikubaaqudgha.
  6302 | D:5      | Found a broken altar of Ashenzari.
  6414 | D:5      | Identified a scroll of acquirement
  6414 | D:5      | Acquired the ring of Rynoseve {*Corrode rF+ rN+ Int+6
                  | Dex+3}
  6974 | D:6      | Found a shimmering altar of Xom.
  6976 | D:6      | Found a shimmering blue altar of Sif Muna.
  6994 | D:6      | Found a shimmering altar of Xom.
  6994 | D:6      | Found a bloodstained altar of Trog.
  7558 | D:7      | Found a sand-covered staircase.
  7641 | Ossuary  | Entered an ossuary
  7848 | Ossuary  | Gained mutation: When hurt, damage is shared between your
                  | health and your magic reserves. [demonic ancestry]
  7848 | Ossuary  | Reached XP level 9. HP: 38/57 MP: 9/18
  8306 | D:7      | Found a staircase to the Ecumenical Temple.
  8321 | Temple   | Entered the Ecumenical Temple
  8357 | Temple   | Became a worshipper of Vehumet
  8713 | D:7      | Learned a level 4 spell: Iskenderun's Mystic Blast
  8736 | D:8      | Noticed Grum
  8854 | D:8      | Reached skill level 5 in Hexes
  8878 | D:8      | Noticed Maurice
  8979 | D:8      | Found a flagged portal.
  8989 | Bailey   | Entered a bailey
  9154 | Bailey   | Noticed an orc knight
  9173 | Bailey   | Killed an orc knight
  9174 | Bailey   | Reached skill level 5 in Translocations
  9204 | Bailey   | Reached * piety under Vehumet
  9204 | Bailey   | Offered knowledge of Sandblast by Vehumet.
  9309 | Bailey   | Gained mutation: You have a pair of large horns on your
                  | head. [demonic ancestry]
  9309 | Bailey   | Reached XP level 10. HP: 63/63 MP: 15/22
  9341 | Bailey   | Found a large runed translucent door.
  9341 | Bailey   | Found a large runed translucent door.
  9343 | Bailey   | Noticed a deep elf zephyrmancer
  9344 | Bailey   | Found the +1 Delatra's gloves {ID++}
  9421 | Bailey   | Killed a deep elf zephyrmancer
  9545 | D:8      | Killed Maurice
  9546 | D:8      | Reached skill level 10 in Conjurations
  9704 | D:8      | Killed Grum
  9838 | D:8      | Noticed Joseph
  9844 | D:8      | Killed Joseph
  9845 | D:8      | Reached skill level 10 in Spellcasting
  9868 | D:8      | Noticed Maggie
  9873 | D:8      | Killed Maggie
  9874 | D:8      | Reached skill level 1 in Staves
  9874 | D:8      | Reached skill level 1 in Evocations
  9938 | D:8      | Found a runed translucent door.
  9938 | D:8      | Found a shimmering altar of Xom.
  9938 | D:8      | Noticed QueenGhuleh's ghost (novice MiBe)
  9938 | D:8      | Noticed a +1 mace of chaos
 10228 | D:9      | Found a staircase to the Lair.
 10326 | D:9      | Reached ** piety under Vehumet
 10326 | D:9      | Offered knowledge of Shock by Vehumet.
 10676 | D:9      | Reached XP level 11. HP: 58/68 MP: 8/25
 10946 | Lair:1   | Entered Level 1 of the Lair of Beasts
 10954 | Lair:1   | Found an opulent altar of Gozag.
 11189 | Lair:1   | Reached skill level 5 in Staves
 11832 | Lair:2   | Offered knowledge of Momentum Strike by Vehumet.
 11911 | Lair:1   | Reached *** piety under Vehumet
 11963 | Lair:2   | Reached skill level 5 in Evocations
 12174 | Lair:2   | Offered knowledge of Sticky Flame by Vehumet.
 12751 | Lair:2   | Found a hole to the Spider Nest.
 13098 | Lair:2   | Noticed a death yak
 13100 | Lair:2   | Noticed a death yak
 13464 | Lair:3   | Reached XP level 12. HP: 57/74 MP: 14/26
 13642 | Lair:3   | Reached **** piety under Vehumet
 13739 | Lair:3   | Found a staircase to the Shoals.
 14052 | Lair:3   | Reached skill level 10 in Staves
 14304 | Lair:3   | Offered knowledge of Lightning Bolt by Vehumet.
 14666 | Lair:4   | You are sucked into a shaft and drop 1 floor!
 14666 | Lair:5   | Entered Level 5 of the Lair of Beasts
 14784 | Lair:5   | Found a staircase to the Slime Pits.
 14786 | Lair:5   | Found a viscous altar of Jiyva.
 14832 | Lair:5   | Noticed a six-headed hydra
 14845 | Lair:5   | Killed a six-headed hydra
 15095 | Lair:5   | Noticed a six-headed hydra
 15101 | Lair:5   | Killed a six-headed hydra
 15242 | Lair:5   | Reached XP level 13. HP: 46/79 MP: 12/27
 15497 | Lair:5   | Reached ***** piety under Vehumet
 15497 | Lair:5   | Offered knowledge of Iskenderun's Battlesphere by Vehumet.
 15499 | Lair:5   | Reached skill level 10 in Evocations
 15593 | Lair:5   | Learned a level 5 spell: Iskenderun's Battlesphere
 15619 | Lair:5   | Identified the +4 great sword of the Beloved God {heavy,
                  | rF+ rC+}
 16766 | Lair:5   | Identified the ring "Menacr Loco" {rElec MP-9 Int+3 Slay+5
                  | SInv}
 16771 | Lair:5   | Reached skill level 1 in Fighting
 17248 | Lair:5   | Found a corrupted altar of Lugonu.
 17248 | Lair:5   | Found a one-way gate to the infinite horrors of the Abyss.
 17858 | Lair:4   | Reached skill level 5 in Dodging
 17936 | Lair:4   | Reached skill level 5 in Fighting
 17941 | Lair:4   | Gained mutation: You are mostly covered in icy blue scales.
                  | (AC +3) [demonic ancestry]
 17941 | Lair:4   | Reached XP level 14. HP: 67/98 MP: 7/28
 18022 | Lair:4   | Identified the +1 quarterstaff "Goblinslayer" {venom,
                  | rElec}
 18825 | D:10     | Entered Level 10 of the Dungeon
 18915 | D:10     | Noticed Fannar
 18924 | D:10     | Killed Fannar
 18970 | D:10     | Found a sacrificial altar of Ru.
 19017 | D:10     | Found a stormy altar of Qazlal.
 19121 | D:10     | Found a snail-covered altar of Cheibriados.
 19188 | D:10     | Found a blossoming altar of Fedhas.
 19257 | D:10     | Noticed Josephine
 19267 | D:10     | Killed Josephine
 19341 | D:10     | Found a sparkling altar of Nemelex Xobeh.
 19842 | D:11     | Identified the +7 morningstar of Xeot {freeze, Str+3 Int+2}
 19944 | D:11     | Noticed Lodul
 19954 | D:11     | Killed Lodul
 20168 | D:11     | Found a staircase to the Orcish Mines.
 20300 | D:11     | Found a runed translucent door.
 20620 | D:11     | Identified the +2 scimitar of the New World {venom, rN+
                  | Will- MP+9 Str+4}
 20621 | D:11     | Identified the +1 ring mail of Purpose {rC+}
 20632 | D:11     | Reached ****** piety under Vehumet
 20720 | D:11     | You fall into a shaft and drop 1 floor!
 20829 | D:12     | Acquired 1217 gold pieces
 20985 | D:11     | Identified the +2 ring mail "Peklauf" {Str+2}
 21023 | D:11     | Found a shimmering altar of Xom.
 21023 | D:11     | Noticed IdlyInterested's ghost (journeyman DsGl)
 21246 | D:12     | Found a frozen archway.
 21526 | D:12     | Offered knowledge of Irradiate by Vehumet.
 21533 | D:12     | Learned a level 5 spell: Irradiate
 21829 | Orc:1    | Entered Level 1 of the Orcish Mines
 22064 | Orc:2    | Entered Level 2 of the Orcish Mines
 22064 | Orc:2    | Noticed Snorg
 22072 | Orc:2    | Killed Snorg
 22152 | Orc:2    | Found a staircase to the Elven Halls.
 22340 | Orc:2    | Paralysed by an orc sorcerer for 2 turns
 22857 | Orc:2    | Paralysed by an orc sorcerer for 3 turns
 23107 | Orc:2    | Noticed Rupert
 23114 | Orc:2    | Killed Rupert
 23364 | Orc:2    | Found Eckof's General Store.
 23364 | Orc:2    | Found Boepn's General Store.
 23426 | Orc:2    | Found Monick Kaica's Jewellery Shoppe.
 23426 | Orc:2    | Found Yhesh's Assorted Antiques.
 23441 | Orc:2    | Bought a pair of embroidered boots for 225 gold pieces
 23441 | Orc:2    | Bought a scroll labelled SAPOSU JAYMOTE for 30 gold pieces
 23712 | D:13     | Offered knowledge of Ozocubu's Refrigeration by Vehumet.
 23979 | D:13     | Gained mutation: Your presence sometimes corrodes those you
                  | injure. [demonic ancestry]
 23979 | D:13     | Reached XP level 15. HP: 89/115 MP: 13/29
 24076 | D:13     | Reached skill level 10 in Fighting
 24379 | D:13     | Reached skill level 10 in Dodging
 25037 | D:13     | Found a gate to the Vaults.
 25147 | D:14     | Reached skill level 1 in Shields
 26083 | D:15     | Entered Level 15 of the Dungeon
 26473 | D:15     | Found a staircase to the Depths.
 26501 | D:15     | Offered knowledge of Yara's Violent Unravelling by Vehumet.
 26561 | D:15     | Found Xiz Ag Noxaf's Assorted Antiques.
 26632 | D:15     | Found a portal to a secret trove of treasure.
 27206 | D:8      | Killed QueenGhuleh's ghost
 27318 | D:11     | Reached skill level 5 in Shields
 27475 | D:11     | Killed IdlyInterested's ghost
 27677 | Shoals:1 | Entered Level 1 of the Shoals
 27678 | Shoals:1 | Found Ceass's Magic Scroll Boutique.
 27891 | Shoals:1 | Found Tykuth's General Store.
 28086 | Shoals:1 | Found Caub's General Store.
 28096 | Shoals:1 | Found Nudac's Weapon Boutique.
 28185 | Shoals:1 | Found Movuv's Assorted Antiques.
 28368 | Shoals:1 | Reached skill level 1 in Fire Magic
 28483 | Shoals:1 | Reached skill level 2 in Fire Magic
 28717 | Spider:1 | Entered Level 1 of the Spider Nest
 28723 | Spider:1 | Noticed an emperor scorpion
 28933 | Lair:2   | Killed an emperor scorpion
 28934 | Lair:2   | Reached skill level 3 in Fire Magic
 29075 | Spider:1 | Reached skill level 4 in Fire Magic
 29396 | Lair:2   | Reached XP level 16. HP: 112/122 MP: 17/32
 29413 | Lair:2   | Reached skill level 5 in Fire Magic
 29885 | Spider:2 | Reached skill level 6 in Fire Magic
 30010 | Spider:2 | Offered knowledge of Eringya's Noxious Bog by Vehumet.
 30128 | Spider:2 | Reached skill level 7 in Fire Magic
 30480 | Spider:2 | Reached skill level 8 in Fire Magic
 31072 | Spider:2 | Reached skill level 9 in Fire Magic
 31300 | Spider:2 | Offered knowledge of Arcjolt by Vehumet.
 31348 | Spider:2 | Noticed Agnes
 31354 | Spider:2 | Killed Agnes
 31430 | Spider:2 | Reached skill level 10 in Fire Magic
 32778 | Spider:3 | Reached skill level 11 in Fire Magic
 33120 | Spider:3 | Identified the +4 chain mail "Gusopun" {rCorr}
 33423 | Spider:4 | Entered Level 4 of the Spider Nest
 33697 | Spider:4 | Reached skill level 12 in Fire Magic
 33701 | Spider:4 | Offered knowledge of Conjure Ball Lightning by Vehumet.
 33874 | Spider:4 | Reached XP level 17. HP: 128/128 MP: 28/33
 34439 | Spider:4 | Reached skill level 13 in Fire Magic
 34811 | Spider:4 | Identified the +0 hat of Defiance {Harm}
 34851 | Spider:4 | Got a gossamer rune of Zot
 35438 | Shoals:2 | Reached skill level 14 in Fire Magic
 36387 | Shoals:2 | Succumbed to a sea snake's poison

Illustrated notes

Levels and vault maps discovered:
D:1:      lightli_arrival_lavapool, layout_basic, chequers_serial_rivers_micro_d
D:2:      layout_basic, serial_shops,
          nicolae_shop_temple_entry_statues_fountains,
          ebering_ecumenical_altar_mist
D:3:      layout_loops_ring, mainiacjoe_overflow_alcove_4,
          mainiacjoe_overflow_alcove_1, nicolae_titane
D:4:      layout_basic, mainiacjoe_overflow_cross_hatched,
          chequers_hall_statues_wall_a, minmay_a_box_with_orc_wizards_in_it,
          uniq_menkaure
D:5:      layout_loops_cross, lemuel_crystal_altar, cheibrodos_ashenzari_chains,
          kennysheep_vampire_church, grunt_decor_cap, st_stairs_12,
          minmay_starry_boxes, uniq_edmund
D:6:      layout_loops_cross, doesnt_xom_only_xom
D:7:      layout_basic, minmay_temple_entry_nine_rooms,
          gup_ossuary_entry_pyramid
D:8:      layout_cave_pools, enter_bailey_2, ebering_ghost_xom, uniq_joseph,
          uniq_maggie, uniq_grum, uniq_maurice
D:9:      minmay_evil_eye, layout_rooms, mainiacjoe_overflow_tiny_flanked,
          erik_lair_orcish_takeover
D:10:     layout_loops_ring, nicolae_ru_the_path_less_chosen,
          mainiacjoe_overflow_brackets, kennysheep_slug_shrine,
          mainiacjoe_overflow_large_starburst, uniq_fannar, uniq_josephine
D:11:     layout_stronghold, david_orc_1_choice, ebering_ghost_xom,
          mrwooster_statue_mirror, uniq_lodul
D:12:     layout_irregular_city, portal_ice_cave_entry_ice_simulacra,
          minivault_16, kennysheep_windowed_goal
D:13:     layout_layer_cave, ximxim_vaults_locker_room, st_stairs_6,
          serial_bayou_pond_e
D:14:     layout_long_grid
D:15:     hangedman_depths_entry_civil_slaughter, layout_grid_maze,
          nicolae_trove_entry_isolated, serial_shops, shop_statue
Temple:   corrupted_temple
Lair:1:   layout_cave_pods, basic_altar, serial_bayou_shore_b
Lair:2:   layout_loops_ring, nicolae_spider_entry_tight_spaces,
          nicolae_volcano_entry_two_sided, serial_bayou_lake_a
Lair:3:   cheibrodos_magma_flow, layout_long_grid, shoals_dummy_entry,
          columned_hall_lemuel, minivault_24, serial_bayou_shore_b
Lair:4:   layout_small_grid, grunt_megastairs_5, serial_bayou_shore_a,
          lemuel_fruit_fields
Lair:5:   hellmonk_lair_end_abyssal_woods, layout_cave_pods, slime_entry_1,
          nicolae_quartered_pool_little, minivault_24, patterned_corridor
Shoals:1: argonaut_golden_fleece, layout_shoals, serial_shops,
          nicolae_shop_hallway_stairs, shop, nicolae_shop_overgrown_old_shop,
          nicolae_shop_bloodbath_and_beyond, shop_statue
Shoals:2: layout_shoals, nicolae_shoals_gull_way
Shoals:3: nicolae_shoals_mermall, layout_shoals, nicolae_shoals_lost_giant_hut,
          nicolae_shoals_sun_and_surf
Spider:1: layout_spider_delve
Spider:2: layout_chambers, nicolae_orb_stairs, uniq_agnes
Spider:3: layout_spider_delve
Spider:4: spider_rune_water, hellmonk_spider_spawner
Orc:1:    layout_caves
Orc:2:    st_orc_town, layout_caves, minmay_orc_temple_a, uniq_rupert,
          uniq_snorg

Skill      XL: |  1  2  3  4  5  6  7  8  9 10 11 12 13 14 15 16 17 |
---------------+----------------------------------------------------+-----
Hexes          | 1 2 3 4 5 |  5.0
Translocations | 1 2 3 4 5 |  5.0
Spellcasting   | 3 4 5 6 8 10 12 | 12.0
Conjurations   | 5 6 8 9 10 | 10.0
Staves         | 4 8 11 12 | 12.0
Evocations     | 3 6 9 12 | 12.0
Dodging        | 5 9 10 | 10.0
Fighting       | 5 9 10 | 10.0
Shields        | 5 |  5.0
Fire Magic     | 4 12 14 | 14.7
Stealth        | |  1.7

Action                   |  1- 3 |  4- 6 |  7- 9 | 10-12 | 13-15 | 16-18 || total
-------------------------+-------+-------+-------+-------+-------+-------++-------
Melee: Dagger            |    37 |     3 |       |       |       |       ||    40
       Headbutt          |    11 |     9 |    20 |    30 |    13 |    29 ||   112
       Punch             |     2 |       |     2 |     3 |       |       ||     7
       Short sword       |       |    24 |    57 |       |       |       ||    81
       Unarmed           |       |       |    14 |       |       |       ||    14
       Staff             |       |       |       |    88 |    56 |    93 ||   237
 Cast: Magic Dart        |    37 |       |       |       |       |       ||    37
       Searing Ray       |    26 |    44 |    80 |   106 |   401 |   230 ||   887
       Fulminant Prism   |       |       |    29 |    95 |    34 |     7 ||   165
       Iskenderun's Myst |       |       |     4 |    22 |    26 |    34 ||    86
       Dazzling Flash    |       |       |     1 |     3 |     1 |       ||     5
       Iskenderun's Batt |       |       |       |       |   159 |    91 ||   250
       Irradiate         |       |       |       |       |       |    39 ||    39
Evoke: Wand              |       |       |     6 |     4 |     4 |    33 ||    47
       Lightning rod     |       |       |       |       |     5 |     9 ||    14
       Condenser vane    |       |       |       |       |     1 |       ||     1
  Use: Potion            |       |     4 |     3 |     2 |     5 |     5 ||    19
       Scroll            |       |       |    17 |     8 |    16 |     6 ||    47
 Stab: Invisible         |       |       |     2 |     1 |       |       ||     3
Armor: Robe              |    12 |    30 |    51 |       |       |       ||    93
       Skin              |       |       |    16 |       |       |       ||    16
       Steam dragon scal |       |       |       |    92 |    58 |       ||   150
       Leather armour    |       |       |       |     6 |       |       ||     6
       Troll leather arm |       |       |       |       |   143 |   200 ||   343
Dodge: Dodged            |    31 |    47 |   106 |   165 |   365 |   385 ||  1099
Block: Buckler           |       |       |       |       |    55 |   138 ||   193

Table legend: (Time is in decaauts)
 A = Elapsed time spent in this place.
 B = Non-inter-level travel time spent in this place.
 C = Inter-level travel time spent in this place.
 D = Time resting spent in this place.
 E = Time spent auto-exploring this place.
 F = Levels seen in this place.
 G = Mean time per level.
                   A        B        C        D        E       F      G
               +--------+--------+--------+--------+--------+-----+--------+
         Total |  36507 |  34188 |   2319 |    327 |  27069 |  32 | 1140.8 |
       Dungeon |  17203 |  16173 |   1030 |    100 |  13435 |  15 | 1146.9 |
        Temple |     53 |     38 |     15 |      0 |     26 |   1 |   53.0 |
          Lair |   8835 |   8225 |    610 |     80 |   6382 |   5 | 1767.0 |
        Shoals |   2236 |   2143 |     93 |      0 |   1813 |   3 |  745.3 |
   Spider Nest |   5645 |   5145 |    500 |    134 |   3711 |   4 | 1411.2 |
  Orcish Mines |   1686 |   1617 |     69 |      0 |   1205 |   2 |  843.0 |
       Ossuary |    322 |    322 |      0 |      0 |    206 |   1 |  322.0 |
        Bailey |    523 |    523 |      0 |     13 |    291 |   1 |  523.0 |
               +--------+--------+--------+--------+--------+-----+--------+

Top non-repeatable levels by time:
Spider:2: 2788 daAuts
  Lair:5: 2787 daAuts
  Lair:2: 2507 daAuts
    D:11: 1634 daAuts
     D:3: 1609 daAuts
Spider:4: 1563 daAuts
     D:1: 1481 daAuts
    D:13: 1404 daAuts
  Lair:3: 1360 daAuts
     D:4: 1270 daAuts
     D:5: 1264 daAuts
Shoals:2: 1202 daAuts
  Lair:1: 1190 daAuts
   Orc:2: 1168 daAuts
    D:12: 1054 daAuts
